 Dungeon Crawl Stone Soup version 0.17-a0-1731-g129c023 (webtiles) character file.

308 Raurakos the Cleaver (level 6, -5/50 HPs)
             Began as a Hill Orc Gladiator on Aug 29, 2015.
             Killed from afar by an adder (28 damage)
             ... with an exploding inner flame
             ... hexed by the player character
             ... in a sewer.
             The game lasted 00:13:28 (2900 turns).

Raurakos the Cleaver (Hill Orc Gladiator)           Turns: 2900, Time: 00:13:28

Health: -5/50      AC:  9    Str: 23    XL:     6   Next: 40%
Magic:  6/6        EV: 11    Int:  8    God:
Gold:   176        SH:  0    Dex: 13    Spells: 0 memorised, 5 levels left

rFire  . . .     SeeInvis .     a - +1 war axe
rCold  . . .     Clarity  .     n - +0 scale mail
rNeg   . . .     SustAt   .     (no shield)
rPois  +         Gourm    .     c - +0 helmet
rElec  .         Spirit   .     p - +0 cloak
rCorr  .         Warding  .     (no gloves)
rMut   .         Stasis   .     h - +0 pair of boots
MR     .....                    (no amulet)
Stlth  ..........               (no ring)
                                w - ring of poison resistance

@: mighty, lethally poisoned (-5 -> -6), not resistant to hostile enchantments,
extremely unstealthy
A: no striking features
a: no special abilities


You were in a sewer.
You were not hungry.

You visited 1 branch of the dungeon, and saw 4 of its levels.
You also visited: Sewer.

You collected 176 gold pieces.

Inventory:

Hand weapons
 a - a +1 war axe (weapon)
 b - a +0 blowgun
Missiles
 e - 4 throwing nets
 j - 88 stones (quivered)
 m - 37 poisoned needles
Armour
 c - a +0 helmet (worn)
 h - a +0 pair of boots (worn)
 n - a +0 scale mail (worn)
 p - a +0 cloak (worn)
 t - a +0 chain mail
Jewellery
 r - an uncursed amulet of faith
 w - a ring of poison resistance (left hand)
Scrolls
 i - 3 scrolls of enchant armour
 l - a scroll of fog
 v - 2 scrolls of remove curse
Potions
 u - 4 potions of curing
 x - a potion of ambrosia
 z - a potion of heal wounds
Comestibles
 d - 2 bread rations
 k - 2 fruits
 s - a chunk of flesh


   Skills:
 - Level 2.4 Fighting
 + Level 9.2 Axes
 - Level 2.0 Throwing
 - Level 2.4 Dodging


You had 5 spell levels left.
You didn't know any spells.

Dungeon Overview and Level Annotations

Branches:
Dungeon (4/15)
 Temple: D:4-7

Altars:
Dithmenos
Trog
Xom

Annotations:
Sewer Alipheese's ghost, average NaSu


Message History

The ball python bites you but does no damage.
The ball python misses you. The adder barely misses you.
The adder barely misses you. The adder misses you. The adder barely misses you.
The adder bites you but does no damage.
You slash the adder!
The adder is severely wounded.
You barely miss the adder. You closely miss the adder.
You slash the ball python!
The ball python explodes!
The fiery explosion engulfs the adder.
The adder explodes!
The fiery explosion engulfs the adder.
The adder explodes!
The fiery explosion engulfs you!
The fiery explosion engulfs the ball python.
You kill the ball python!
You hear a splash. x2
The fiery explosion engulfs you!
Ouch! That really hurt!
You die...

#≈≈≈≈≈≈#
#≈≈≈≈≈≈#
#≈≈≈≈≈≈#
#≈≈≈≈≈≈#
#≈≈≈%≈≈#
#§§§§≈≈#
#§§§§≈≈#
#§@§§≈≈#
#SSS§≈≈#
#lFF≈≈≈#
#......#
#...F..#
#......#
+......#
.
##....##


S You could see 2 giant frogs, 3 adders and a giant newt (inner flame).

Vanquished Creatures
  An orc priest (D:3)
  2 orc wizards (D:3)
  A worker ant (D:4)
  8 adders
  A river rat (Sewer)
  An ooze (D:1)
  4 worms
  5 orcs
  4 ball pythons (Sewer)
  6 giant cockroaches
  10 goblins
  6 hobgoblins
  6 jackals
  9 kobolds
  3 quokkas (D:3)
  10 bats
  A giant gecko (D:4)
  7 giant newts
  29 rats
114 creatures vanquished.

Notes
Turn   | Place    | Note
--------------------------------------------------------------
     0 | D:1      | Raurakos the Hill Orc Gladiator began the quest for the Orb.
     0 | D:1      | Reached XP level 1. HP: 18/18 MP: 1/1
    70 | D:1      | Reached XP level 2. HP: 19/25 MP: 2/2
   197 | D:1      | Reached skill level 5 in Axes
   450 | D:2      | Reached XP level 3. HP: 30/30 MP: 3/3
   595 | D:2      | Reached skill level 6 in Axes
   869 | D:2      | Found a shimmering altar of Xom.
   907 | D:2      | Reached XP level 4. HP: 37/37 MP: 4/4
   912 | D:2      | Found a faded altar to an unknown god.
  1014 | D:3      | Found a shadowy altar of Dithmenos.
  1227 | D:3      | Reached skill level 7 in Axes
  1321 | D:3      | Reached XP level 5. HP: 39/42 MP: 5/5
  1569 | D:3      | Found a bloodstained altar of Trog.
  1931 | D:3      | Reached skill level 8 in Axes
  2326 | D:4      | Reached XP level 6. HP: 50/50 MP: 6/6
  2578 | D:4      | Found a glowing drain.
  2582 | Sewer    | Entered a sewer
  2656 | Sewer    | Reached skill level 9 in Axes
  2781 | Sewer    | Noticed Alipheese's ghost (average NaSu)
  2900 | Sewer    | Killed from afar by an adder

Vault maps used:
D:1:      onia_arrival_mini_spirals
D:2:      lemuel_doored_altar, ecumenical_altar_2
D:3:      wad_crossroads, nicolae_overflow_hidden_temple,
          nicolae_overflow_crystal_walls, first_bread
D:4:      gup_sewer_entry_spiral, kennysheep_generic_room_8
Sewer:    sewer_minmay_w

Action                   |  1- 3 |  4- 6 || total
-------------------------+-------+-------++-------
Melee: War axe           |   102 |   209 ||   311
 Fire: Blowgun           |       |    22 ||    22
Throw: Stone             |    18 |    14 ||    32
  Use: Scroll            |       |    11 ||    11
       Potion            |       |     1 ||     1
  Eat: Chunk             |       |     7 ||     7
